 Dungeon Crawl Stone Soup version 0.29.0-10-g45618ea6d2 (webtiles) character file.

Game seed: 7626323592745831803

266 Arum the Shield-Bearer (level 6, -2/48 (49) HPs)
             Began as a Formicid Fighter on Sept 1, 2022.
             Killed by divine providence
             ... invoked by an orc priest
              (14 damage)
             ... on level 3 of the Dungeon.
             The game lasted 00:03:03 (2509 turns).

Arum the Shield-Bearer (Formicid Fighter)           Turns: 2509, Time: 00:03:05

HP:   -2/48 (49)    AC: 10    Str: 23    XL:     6   Next: 44%
MP:   6/6           EV:  8    Int:  7    God:
Gold: 181           SH:  9    Dex: 13    Spells: 5/5 levels left

rFire   . . .      SeeInvis +   a - +0 war axe
rCold   . . .      Faith    .   m - +0 kite shield
rNeg    . . .      Spirit   .   b - +0 scale mail
rPois   +          Reflect  .   (helmet unavailable)
rElec   .          Harm     .   k - +0 cloak
rCorr   .          Rampage  .   f - +0 pair of gloves
Will    .....                   h - +0 pair of boots
Stlth   ..........              (no amulet)
HPRegen 0.16/turn               i - ring of poison resistance
MPRegen 0.10/turn               (no ring)

@: lightly drained
A: permanent stasis, dig shafts and tunnels, antennae 3, four strong arms
a: Dig, Shaft Self


You were on level 3 of the Dungeon.
You visited 1 branch of the dungeon, and saw 3 of its levels.

You collected 181 gold pieces.

Inventory:

Hand Weapons
 a - a +0 war axe (weapon)
Armour
 b - a +0 scale mail (worn)
 f - a +0 pair of gloves (worn)
 h - a +0 pair of boots (worn)
 k - a +0 cloak (worn)
 m - a +0 kite shield (worn)
 p - a scarf of invisibility
Jewellery
 i - a ring of poison resistance (left hand)
Scrolls
 e - 2 scrolls of identify {unknown}
 g - a scroll of enchant armour {unknown}
 l - a scroll of enchant weapon {unknown}
 o - a scroll of magic mapping {unknown}
 q - a scroll of teleportation {unknown}
Potions
 c - 2 potions of lignification {unknown}
 d - a potion of might
 j - a potion of curing {unknown}
 n - 2 potions of haste {unknown}


   Skills:
 + Level 4.7 Fighting
 + Level 3.6 Axes
 + Level 4.7 Armour
 + Level 5.2 Shields


You had 5 spell levels left.
You didn't know any spells.
Your spell library contained the following spells:

 Spells                   Type           Power      Damage    Failure   Level
 Portal Projectile        Hex/Tloc       0%         N/A       100%        3
 Stone Arrow              Conj/Erth      0%         3d7       100%        3
 Tukima's Dance           Hex            0%         N/A       100%        3
 Animate Armour           Summ/Erth      0%         N/A       100%        4
 Blade Hands              Tmut           0%         N/A       100%        5
 Lehudib's Crystal Spear  Conj/Erth      0%         10d2      100%        8


Dungeon Overview and Level Annotations

Branches:
Dungeon (3/15)

Altars:
Yredelemnul

Shops:
D:1 (   D:3 (


Innate Abilities, Weirdness & Mutations

You cannot be hasted, slowed, berserked, paralysed or teleported.
You can dig through walls and to a lower floor.
You have a pair of large antennae on your head. (SInv)
Your four strong arms can wield two-handed weapons with a shield.


Message History

You kill the orc priest!
The orc priest hits you with a +0 club.
You closely miss the orc priest. You block the orc priest's attack.
You hit the orc priest.
The orc priest is lightly wounded.
The orc priest hits you but does no damage.
You block the orc priest's attack.
You closely miss the orc priest.
The orc priest invokes the aid of Beogh against you.
Pain shoots through your body!
You are too injured to fight recklessly!
You are too injured to fight recklessly!
You are too injured to fight recklessly!
You are too injured to fight recklessly!
You are too injured to fight recklessly!
You are too injured to fight recklessly!
You are too injured to fight recklessly!
You are too injured to fight recklessly!
You are too injured to fight recklessly!
You are too injured to fight recklessly!
You are too injured to fight recklessly!
You are too injured to fight recklessly!
You are too injured to fight recklessly!
You are too injured to fight recklessly!
You are too injured to fight recklessly!
You are too injured to fight recklessly!
You are too injured to fight recklessly!
You are too injured to fight recklessly!
You are too injured to fight recklessly!
You are too injured to fight recklessly!
You are too injured to fight recklessly!
You are too injured to fight recklessly!
You slash the orc priest!
The orc priest is almost dead.
The orc priest invokes the aid of Beogh against you.
Beogh smites you!
* * * LOW HITPOINT WARNING * * *
The orc priest mumbles some strange prayers to Beogh against you.
Beogh smites you!
You die...

#..... #.#.## #.#.# #^.<##
###..# ##...# . ##).#.# ..
### ###...#.. ...# ##@#
#....#### .....
#o#########.##.# #
......####{......##.##.## #
....?.K....#####........###
#...#.###### ##...#...>.. #
# ######.##..#####
#####......#..##....
#......#####.....###
#......# #..#####


You could see an orc priest.

Vanquished Creatures
  2 orc priests (D:3)
  Jessica (D:3)
  3 orc wizards (D:3)
  4 adders (D:2)
  2 worms (D:2)
  A dart slug (D:1)
  5 orcs (D:3)
  5 bats
  4 endoplasms
  3 giant cockroaches
  7 goblins
  6 hobgoblins
  4 jackals (D:2)
  3 kobolds
  A quokka (D:1)
  2 ball pythons (D:1)
  5 frilled lizards
58 creatures vanquished.

Vanquished Creatures (others)
  2 fungi (D:2)
  3 plants (D:2)
5 creatures vanquished.

Grand Total: 63 creatures vanquished

Notes
Turn   | Place    | Note
-------+----------+-------------------------------------------
     0 | D:1      | Arum the Formicid Fighter began the quest for the Orb.
     0 | D:1      | Reached XP level 1. HP: 18/18 MP: 1/1
    70 | D:1      | Found Ymokuoge's Weapon Shoppe.
   141 | D:1      | Reached XP level 2. HP: 24/24 MP: 2/2
   752 | D:1      | Reached XP level 3. HP: 30/30 MP: 3/3
   970 | D:2      | Found a faded altar of an unknown god.
  1034 | D:2      | Reached XP level 4. HP: 37/37 MP: 4/4
  1505 | D:2      | Prayed at the altar of an unknown god.
  1505 | D:2      | Became a worshipper of Yredelemnul the Dark
  1505 | D:2      | Reached * piety under Yredelemnul
  1736 | D:2      | Fell from the grace of Yredelemnul
  2096 | D:3      | Reached XP level 5. HP: 38/40 MP: 5/5
  2382 | D:3      | Found Otehit's Weapon Boutique.
  2383 | D:3      | Noticed Jessica
  2392 | D:3      | Killed Jessica
  2393 | D:3      | Reached skill level 5 in Shields
  2393 | D:3      | Reached XP level 6. HP: 47/49 MP: 6/6
  2509 | D:3      | Killed from afar by an orc priest

Illustrated notes

Levels and vault maps discovered:
D:1:      minmay_arrival_stone_box, layout_basic, serial_shops, shop
D:2:      layout_basic, shapermc_ecumenical_altar_mp_ritualfount, hex_large,
          roderic_roman_lattice
D:3:      layout_rooms, serial_corexii_hall, corexii_hall_statues_x,
          chequers_hall_statues_y, serial_shops, shop,
          nicolae_elevator_lobby_asterisk, uniq_jessica

Skill      XL: |  1  2  3  4  5 |
---------------+----------------+-----
Fighting       | 4 |  4.7
Armour         | 4 |  4.7
Axes           | 3 |  3.6
Shields        | 5 |  5.2

Action                   |  1- 3 |  4- 6 || total
-------------------------+-------+-------++-------
Melee: War axe           |    52 |   108 ||   160
Invok: Renounce Religion |       |     1 ||     1
 Abil: Dig               |       |     2 ||     2
Armor: Scale mail        |    21 |    35 ||    56
Dodge: Dodged            |    17 |    36 ||    53
Block: Buckler           |    12 |       ||    12
       Kite shield       |       |    51 ||    51
